 Dungeon Crawl Stone Soup version 0.29-a0-821-g66395355a5 (webtiles) character file.

Game seed: 14243552751670188675

294 lesbiats the Digger (level 6, -5/36 HPs)
             Began as a Gargoyle Earth Elementalist on July 8, 2022.
             Was a Believer of Kikubaaqudgha.
             Killed from afar by Blork the orc (7 damage)
             ... with a puff of frost
             ... on level 4 of the Dungeon.
             The game lasted 00:23:17 (4070 turns).

lesbiats the Digger (Gargoyle Earth Elementalist)   Turns: 4070, Time: 00:23:19

Health: -5/36      AC:  8    Str:  9 (11) XL:     6   Next: 33%
Magic:  5/10       EV: 11    Int: 17 (18) God:    Kikubaaqudgha [**....]
Gold:   249        SH:  0    Dex:  9 (10) Spells: 4/11 levels left

rFire   . . .      SeeInvis .   A - +2 whip (venom)
rCold   . . .      Faith    .   (no shield)
rNeg    + . .      Spirit   .   x - +0 troll leather armour {Pargi}
rPois   ∞          Reflect  .   (no helmet)
rElec   +          Harm     .   (no cloak)
rCorr   .          Rampage  .   (no gloves)
Will    .....                   (no boots)
Stlth   +.........              (no amulet)
HPRegen 0.92/turn               (no ring)
MPRegen 0.12/turn               (no ring)

@: no status effects
A: sickness immunity, AC +4, negative energy resistance 1, electricity
resistance, torment resistance 1, petrification resistance
a: Renounce Religion, Unearth Wretches


You were on level 4 of the Dungeon.
You worshipped Kikubaaqudgha.
Kikubaaqudgha was pleased with you.
You visited 1 branch of the dungeon, and saw 4 of its levels.
You also visited: Sewer.

You collected 249 gold pieces.

Inventory:

Hand Weapons
 f - a +0 short sword
 h - a +0 hand axe
 m - a +0 dagger of draining
 A - a +2 whip of venom (weapon)
Missiles
 d - 41 stones
 g - 10 poisoned darts
 o - a throwing net
Armour
 a - a +0 robe
 i - an orb of wrath
 s - an orb of guile
 x - a +0 troll leather armour (worn) {Pargi}
 z - a +0 leather armour
Wands
 w - a wand of flame (27)
Scrolls
 e - a scroll of teleportation {unknown}
 j - a scroll of brand weapon {unknown}
 n - 2 scrolls of enchant armour {unknown}
 q - 3 scrolls of magic mapping {unknown}
 t - 2 scrolls of identify {unknown}
 u - 2 scrolls of blinking {unknown}
 v - 3 scrolls of amnesia {unknown}
 y - a scroll of fog {unknown}
 B - a scroll of enchant weapon {unknown}
Potions
 b - 3 potions of magic
 c - 4 potions of degeneration
 k - 2 potions of heal wounds {unknown}
 l - 3 potions of curing {unknown}
 p - a potion of mutation {unknown}
 r - 3 potions of haste {unknown}


   Skills:
 + Level 2.6 Fighting
 - Level 1.5 Dodging
 - Level 2.1 Stealth
 + Level 3.1 Spellcasting
 * Level 2.5 Conjurations
 + Level 1.1 Necromancy
 - Level 0.7 Transmutations
 + Level 5.7 Earth Magic


You had 4 spell levels left.
You knew the following spells:

 Your Spells              Type           Power      Damage    Failure   Level
a - Sandblast             Erth           44%        2d11      2%          1
b - Stone Arrow           Conj/Erth      32%        3d9       13%         3
c - Passwall              Tmut/Erth      10%        N/A       10%         2
d - Necrotise             Necr           24%        1d5       16%         1

Your spell library contained the following spells:

 Spells                   Type           Power      Damage    Failure   Level
 Shock                    Conj/Air       28%        1d4       14%         1
 Vampiric Draining        Necr           6%         2d6       43%         3
 Petrify                  Tmut/Erth      13%        N/A       54%         4
 Swiftness                Air            2%         N/A       58%         3
 Animate Dead             Necr           6%         N/A       83%         4
 Anguish                  Hex/Necr       2%         N/A       88%         4
 Airstrike                Air            1%         0-2+      94%         4


Dungeon Overview and Level Annotations

Branches:
Dungeon (4/15)              Sewer (visited)
 Temple: D:4-7

Altars:
Kikubaaqudgha

Annotations:
D:4 Blork the orc


Innate Abilities, Weirdness & Mutations

You are immune to sickness and miasma.
Your stone body is resilient. (AC +4)
You are immune to poison.
You resist negative energy. (rN+)
You are resistant to electric shocks. (rElec)
You are resistant to unholy torment.
You are immune to petrification.


Message History

Aiming: Sandblast (safe; 1% risk of failure)
Press: ? - help, Q - select action, (/) - cycle Shift-Dir - straight line, f/p - Blork the orc
Aim: Blork the orc, wielding a +0 glaive and wearing a +0 robe (heavily wounded, 83% to hit)
The blast of sand misses Blork the orc.
Blork the orc hits you from afar with a +0 glaive!
Blork the orc hits you but does no damage.
Aiming: Sandblast (safe; 1% risk of failure)
Press: ? - help, Q - select action, (/) - cycle Shift-Dir - straight line, f/p - Blork the orc
Aim: Blork the orc, wielding a +0 glaive and wearing a +0 robe (heavily wounded, 83% to hit)
The blast of sand hits Blork the orc!
Blork the orc is almost dead.
Blork the orc points at you and mumbles some strange words.
The magic dart hits you.
Blork the orc hits you from afar with a +0 glaive.
* * * LOW HITPOINT WARNING * * *
It was a potion of degeneration.
There was something very wrong with that liquid.
You feel weakened.
You feel dopey.
You feel clumsy. Blork the orc casts a spell at you.
The puff of frost hits you.
* * * LOW HITPOINT WARNING * * *
Aiming: Sandblast (safe; 2% risk of failure)
Press: ? - help, Q - select action, (/) - cycle Shift-Dir - straight line, f/p - Blork the orc
Aim: Blork the orc, wielding a +0 glaive and wearing a +0 robe (almost dead, 83% to hit)
The blast of sand misses Blork the orc.
Blork the orc hits you but does no damage.
The hound barely misses you. Blork the orc closely misses you.
The hound misses you. The hound barely misses you.
Blork the orc closely misses you. The hound bites you.
* * * LOW HITPOINT WARNING * * *
There is a stone staircase leading up here.
You can't go down here!
The hound bites you.
* * * LOW HITPOINT WARNING * * *
The hound barely misses you.
Blork the orc points at you and mumbles some strange words.
The puff of frost hits you!
You die...
Kikubaaqudgha rasps: "You have failed me!
Welcome... oblivion!"

...##.. ..
#...... ...
....... ....
#......## #....
........##.....
...............
#.......o...#
#.....h.####.#
.......@#
........#
...#.#... ..
###.... .
...... ........
....#....
.######...#


You could see Blork the orc and a hound.

Vanquished Creatures
  Pargi (Sewer)
  A hound (D:3)
  An iguana (D:2)
  A gnoll (D:3)
  5 adders
  A worm (D:3)
  3 orcs (D:3)
  4 endoplasms
  6 giant cockroaches
  4 goblins (D:1)
  11 hobgoblins
  4 quokkas
  13 ball pythons
  6 bats
  9 frilled lizards
  10 kobolds
  3 rats
83 creatures vanquished.

Vanquished Creatures (others)
  4 fungi (D:2)
  6 plants (D:2)
10 creatures vanquished.

Grand Total: 93 creatures vanquished

Notes
Turn   | Place    | Note
-------+----------+-------------------------------------------
     0 | D:1      | lesbiats the Gargoyle Earth Elementalist began the quest
                  | for the Orb.
     0 | D:1      | Reached XP level 1. HP: 10/10 MP: 3/3
   314 | D:1      | Reached skill level 4 in Earth Magic
   314 | D:1      | Reached XP level 2. HP: 12/16 MP: 1/5
   695 | D:1      | Reached skill level 1 in Fighting
   935 | D:1      | Reached XP level 3. HP: 20/20 MP: 3/6
   939 | D:1      | Learned a level 3 spell: Stone Arrow
  1100 | D:1      | Learned a level 2 spell: Passwall
  1492 | D:2      | Reached XP level 4. HP: 14/26 MP: 2/7
  2415 | D:2      | Found a faded altar of an unknown god.
  2441 | D:2      | Prayed at the altar of an unknown god.
  2441 | D:2      | Became a worshipper of Kikubaaqudgha
  2441 | D:2      | Reached * piety under Kikubaaqudgha
  2441 | D:2      | Received a gift from Kikubaaqudgha
  2865 | D:3      | Reached skill level 1 in Conjurations
  2976 | D:3      | Reached skill level 5 in Earth Magic
  3035 | D:3      | Found a glowing drain.
  3125 | Sewer    | Entered a sewer
  3131 | Sewer    | Learned a level 1 spell: Necrotise
  3215 | Sewer    | Noticed Pargi
  3222 | Sewer    | Killed Pargi
  3223 | Sewer    | Reached XP level 5. HP: 20/30 MP: 2/9
  3488 | D:3      | Reached XP level 6. HP: 36/36 MP: 6/10
  3561 | D:3      | Reached ** piety under Kikubaaqudgha
  3562 | D:3      | Reached skill level 1 in Necromancy
  4058 | D:4      | Noticed Blork the orc
  4070 | D:4      | Killed from afar by Blork the orc

Illustrated notes

Levels and vault maps discovered:
D:1:      minmay_arrival_cross, layout_loops_ring
D:2:      layout_loops_corners, shapermc_ecumenical_altar_ellora,
          kennysheep_boxes
D:3:      minmay_razor_zed, layout_rooms, gup_sewer_entry_glass,
          kennysheep_generic_room_16
D:4:      layout_cave_pools, uniq_duvessa, uniq_blork_the_orc

Skill      XL: |  1  2  3  4  5  6 |
---------------+-------------------+-----
Earth Magic    | 4 5 |  5.7
Fighting       | 1 2 |  2.6
Conjurations   | 1 2 |  2.5
Spellcasting   | 3 |  3.1
Necromancy     | 1 |  1.1
Dodging        | |  1.5
Stealth        | |  2.1
Transmutations | |  0.7

Action                   |  1- 3 |  4- 6 || total
-------------------------+-------+-------++-------
Melee: Short sword       |    10 |       ||    10
       Dagger            |    10 |    17 ||    27
 Cast: Sandblast         |    47 |    79 ||   126
       Necrotise         |       |     4 ||     4
  Use: Potion            |       |     1 ||     1
Armor: Robe              |    27 |    27 ||    54
       Troll leather arm |       |    20 ||    20
Dodge: Dodged            |    51 |    72 ||   123

Table legend: (Time is in decaauts)
 A = Elapsed time spent in this place.
 B = Non-inter-level travel time spent in this place.
 C = Inter-level travel time spent in this place.
 D = Time resting spent in this place.
 E = Time spent auto-exploring this place.
 F = Levels seen in this place.
 G = Mean time per level.
                   A        B        C        D        E       F      G
               +--------+--------+--------+--------+--------+-----+--------+
         Total |   4231 |   4041 |    190 |   1148 |   1786 |   5 |  846.2 |
       Dungeon |   3895 |   3705 |    190 |   1090 |   1647 |   4 |  973.8 |
         Sewer |    336 |    336 |      0 |     58 |    139 |   1 |  336.0 |
               +--------+--------+--------+--------+--------+-----+--------+

Top non-repeatable levels by time:
     D:2: 1509 daAuts
     D:1: 1406 daAuts
     D:3: 964 daAuts
   Sewer: 336 daAuts
     D:4: 15 daAuts
